 Dungeon Crawl Stone Soup version 0.27.1-1-g398f81649c (webtiles) character file.

Game seed: 18181441713523477340

855 acemry the Changer (level 8, -8/48 HPs)
             Began as an Octopode Transmuter on Sept 7, 2021.
             Was an Initiate of Cheibriados.
             Mangled by Duvessa (11 damage)
             ... on level 5 of the Dungeon.
             The game lasted 00:16:05 (7778 turns).

acemry the Changer (Octopode Transmuter)            Turns: 7778, Time: 00:16:06

Health: -8/48      AC:  2    Str: 10    XL:     8   Next: 1%
Magic:  10/11      EV: 19    Int: 18    God:    Cheibriados [......]
Gold:   130        SH:  0    Dex: 19    Spells: 3/11 levels left

rFire    . . .     SeeInvis .     - Unarmed
rCold    . . .     Faith    .   (shield currently unavailable)
rNeg     . . .     Spirit   .   (helmet currently unavailable)
rPois    x         Reflect  .   (no amulet)
rElec    .         Harm     .   (no ring)
rCorr    .         Rampage  .   (no ring)
Will     .....                  (no ring)
Stlth    +.........             (no ring)
HPRegen  0.16/turn              (no ring)
MPRegen  0.12/turn              (no ring)
                                (no ring)
                                (no ring)

@: lit by a corona, spider-form (expiring), glowing, very slow
A: venomous fangs, almost no armour, (amphibious), 8 rings, tiny, (camouflage
1), (gelatinous body 1), (nimble swimmer 1), (tentacles)
a: End Transformation, Renounce Religion, Bend Time


You were on level 5 of the Dungeon.
You worshipped Cheibriados.
Cheibriados was noncommittal.
You were a venomous arachnid creature.
You visited 2 branches of the dungeon, and saw 6 of its levels.

You collected 191 gold pieces.
You spent 61 gold pieces at shops.

Inventory:

Hand Weapons
 a - a +4 whip
 h - a +4 hand axe
 i - a +4 dagger (melded)
Jewellery
 f - a +4 ring of evasion
Scrolls
 e - a scroll of amnesia
 k - a scroll of identify
Potions
 b - a potion of brilliance
 d - a potion of invisibility
 g - a potion of curing


   Skills:
 - Level 1.0 Fighting
 - Level 0.2 Short Blades
 - Level 2.0 Dodging
 - Level 3.0 Unarmed Combat
 - Level 2.0 Spellcasting
 + Level 7.0 Transmutations
 * Level 6.4 Poison Magic


You had 3 spell levels left.
You knew the following spells:

 Your Spells              Type           Power      Damage    Failure   Level
a - Beastly Appendage     Tmut           54%        N/A       5%          1
b - Spider Form           Tmut/Pois      13%        N/A       11%         3
c - Ice Form              Ice/Tmut       14%        N/A       61%         4

Your spell library contained the following spells:

 Spells                   Type           Power      Damage    Failure   Level
 Wereblood                Tmut           27%        N/A       7%          2


Dungeon Overview and Level Annotations

Branches:
Dungeon (5/15)             Temple (1/1) D:5

Altars:
Ashenzari
Cheibriados
Dithmenos
Elyvilon
Gozag
Hepliaklqana
Kikubaaqudgha
Makhleb
Nemelex Xobeh
Okawaru
Qazlal
Ru
Sif Muna
Trog
Uskayaw
Vehumet
Wu Jian
Xom
Yredelemnul
Zin
The Shining One

Shops:
D:3 !   D:4 ::?

Annotations:
D:3 2 transporters, pkoi's ghost, amateur TrMo
D:5 Duvessa


Innate Abilities, Weirdness & Mutations

You are a venomous arachnid creature.
You have poisonous fangs.
You are tiny and dextrous.
Your spellcasting is less reliable in this form.
Your armour is entirely melded.
You are incapable of wielding weapons or throwing items.
You cannot wear most types of armour.
((You are amphibious.))
You can wear up to eight rings at the same time.
((Your skin changes colour to match your surroundings (Stealth+).))
((Your rubbery body absorbs attacks. (AC +1, EV +1)))
((You are camouflaged near water. (Stealth+)))
((You have tentacles for arms and can constrict up to eight enemies at once.))


Message History

You hit Dowan but do no damage.
Dowan looks as sick as possible!
Dowan is almost dead.
You kill Dowan!
Cheibriados appreciates the change of pace.
Duvessa screams in rage.
Duvessa goes berserk!
Duvessa barely misses you. Duvessa completely misses you.
Your Transmutations skill increases to level 7!
You have reached level 8!
You feel much better. Duvessa hits you with a +0 short sword!
You hit Duvessa but do no damage.
Duvessa looks as sick as possible!
Duvessa is heavily wounded.
Duvessa hits you with a +0 short sword!!
* * * LOW HITPOINT WARNING * * *
You feel much better. Duvessa closely misses you.
Duvessa hits you with a +0 short sword! Duvessa completely misses you.
Duvessa closely misses you. Duvessa closely misses you.
Duvessa completely misses you.
Your transformation is almost over.
Duvessa closely misses you.
You hit Duvessa but do no damage.
Duvessa looks as sick as possible!
Duvessa is severely wounded.
Duvessa closely misses you.
You hit Duvessa.
Duvessa looks as sick as possible!
Duvessa is severely wounded.
Duvessa barely misses you. x2
You hit Duvessa but do no damage.
Duvessa looks as sick as possible!
Duvessa is almost dead.
Duvessa hits you with a +0 short sword!
* * * LOW HITPOINT WARNING * * *
You hit Duvessa.
Duvessa is almost dead.
Duvessa misses you.
You hit Duvessa.
Duvessa is almost dead.
Duvessa hits you with a +0 short sword!
* * * LOW HITPOINT WARNING * * *
Duvessa hits you with a +0 short sword!
You die...

....>.##....# #####
.#....## .##......##.#
#...###.....
....##.#....####...#...
....
.##....#.##[.#.....#.#
##..#
....#..........##.)..#
..#
##..#.##.##.##.#.....#
...............#...#.#
#####........#.###.#.#
#.##########se.#.#
#.≈†≈≈≈≈≈.≈#####.#
############ .# ..


You could see Duvessa (berserk, fast, extremely poisoned).

Vanquished Creatures
  A steam dragon (D:5)
  An ice beast (D:5)
  3 ogres
  A phantom (D:4)
  Dowan (D:5)
  2 howler monkeys (D:4)
  A centaur skeleton (D:4)
  A bullfrog skeleton (D:5)
  Robin (D:3)
  3 adders
  An ufetubus (D:4)
  2 worms (D:2)
  2 dart slugs
  6 ball pythons
  8 endoplasms
  A giant cockroach (D:3)
  13 goblins
  11 hobgoblins
  8 jackals
  6 quokkas
  3 bats
  3 frilled lizards (D:1)
  3 kobolds
  7 rats
89 creatures vanquished.

Vanquished Creatures (others)
  15 fungi (D:5)
  6 plants (D:3)
21 creatures vanquished.

Grand Total: 110 creatures vanquished

Notes
Turn   | Place    | Note
-------+----------+-------------------------------------------
     0 | D:1      | acemry the Octopode Transmuter began the quest for the Orb.
     0 | D:1      | Reached XP level 1. HP: 13/13 MP: 3/3
    71 | D:1      | Found a faded altar of an unknown god.
   489 | D:1      | Reached skill level 1 in Poison Magic
   740 | D:1      | Reached XP level 2. HP: 18/18 MP: 3/5
  1222 | D:2      | Reached XP level 3. HP: 18/23 MP: 3/6
  1761 | D:2      | Reached skill level 3 in Transmutations
  2091 | D:2      | HP: 1/23 [worm (11)]
  2528 | D:2      | Learned a level 3 spell: Spider Form
  2881 | D:2      | Reached XP level 4. HP: 28/28 MP: 5/7
  3544 | D:3      | Found Yfoch's Distillery.
  3549 | D:3      | Bought a potion of degeneration for 13 gold pieces
  3701 | D:3      | Noticed Robin
  3717 | D:3      | Killed Robin
  3880 | D:3      | Found a transporter.
  3902 | D:3      | Identified the +6 trident of Tadeo {pain, *Noise rN+ rCorr
                  | Int+3}
  3902 | D:3      | Identified the +5 scale mail of Numill {rN+ Dex+3}
  3902 | D:3      | Noticed a gnoll sergeant
  3919 | D:3      | Found a transporter.
  4155 | D:3      | Noticed pkoi's ghost (amateur TrMo)
  4213 | D:4      | Noticed a phantom
  4238 | D:4      | Killed a phantom
  4239 | D:4      | Reached skill level 4 in Transmutations
  4239 | D:4      | Reached XP level 5. HP: 7/33 MP: 3/8
  4528 | D:4      | Reached XP level 6. HP: 24/38 MP: 5/9
  4896 | D:4      | Reached skill level 5 in Transmutations
  5121 | D:4      | Found Vuomepp's Magic Scroll Boutique.
  5143 | D:4      | Bought a scroll of identify for 24 gold pieces
  5143 | D:4      | Bought a scroll of identify for 24 gold pieces
  5374 | D:4      | Reached XP level 7. HP: 39/43 MP: 6/10
  5593 | D:4      | Reached skill level 6 in Transmutations
  5593 | D:4      | Reached skill level 5 in Poison Magic
  5646 | D:4      | Found Redugol's Book Boutique.
  5781 | D:4      | Found Husiocid's Book Shop.
  5794 | D:4      | Learned a level 4 spell: Ice Form
  5872 | D:5      | Entered Level 5 of the Dungeon
  6138 | D:5      | Noticed a steam dragon
  6139 | D:5      | Noticed a steam dragon
  6532 | D:5      | Killed a steam dragon
  7084 | D:5      | Noticed Duvessa
  7090 | D:5      | Noticed Dowan
  7106 | D:5      | Found a staircase to the Ecumenical Temple.
  7145 | Temple   | Entered the Ecumenical Temple
  7354 | Temple   | Became a worshipper of Cheibriados the Contemplative
  7765 | D:5      | Killed Dowan
  7766 | D:5      | Reached skill level 7 in Transmutations
  7766 | D:5      | Reached XP level 8. HP: 18/48 MP: 9/11
  7778 | D:5      | Mangled by Duvessa

Illustrated notes

Levels and vault maps discovered:
D:1:      dpeg_arrival_connections, layout_basic,
          dreamdust_ecumenical_altar_statues
D:2:      layout_basic, minmay_misc_feat_diagonals, minmay_puff
D:3:      layout_loops_ring, gammafunk_ghost_gnarly_gnolls, serial_shops,
          nicolae_shop_stone, kennysheep_generic_room_5, uniq_robin
D:4:      layout_loops_ring, serial_shops, nicolae_lakefront_shop, shop_statue,
          nicolae_shop_crystal
D:5:      kennysheep_steamy, layout_basic, minmay_temple_entry_ruins,
          portal_sewer_entry_d, kennysheep_potato, uniq_duvessa
Temple:   minmay_crystal_snake_temple

Skill      XL: |  1  2  3  4  5  6  7 |
---------------+----------------------+-----
Poison Magic   | 1 2 3 4 6 |  6.4
Transmutations | 3 4 5 7 |  7.0
Fighting       | |  1.0
Short Blades   | |  0.2
Dodging        | |  2.0
Unarmed Combat | |  3.0
Spellcasting   | |  2.0

Action                   |  1- 3 |  4- 6 |  7- 9 || total
-------------------------+-------+-------+-------++-------
Melee: Whip              |    66 |    16 |       ||    82
       Unarmed           |     9 |    79 |    65 ||   153
       Constrict         |    21 |    11 |       ||    32
       Kick              |    15 |     6 |       ||    21
       Tentacles         |    11 |     5 |       ||    16
       Punch             |     3 |     2 |       ||     5
       Hand axe          |       |    18 |       ||    18
       Dagger            |       |     9 |       ||     9
 Cast: Beastly Appendage |    25 |    15 |       ||    40
       Spider Form       |       |    13 |    11 ||    24
  Use: Scroll            |     5 |     2 |       ||     7
       Potion            |       |     2 |     2 ||     4
 Stab: Sleeping          |     2 |     6 |       ||     8
Armor: Skin              |     4 |    10 |     2 ||    16
Dodge: Dodged            |    44 |   115 |    55 ||   214
